 Dungeon Crawl Stone Soup version 0.32-a0-818-gb728d0252e (webtiles) character file.

Game seed: 16656555041435022468

107 Nvm9 the Trooper (level 4, -1/36 HPs)
             Began as a Demonspawn Fighter on Mar 24, 2024.
             Succumbed to a kobold's poison
             ... on level 2 of the Dungeon.
             The game lasted 00:02:52 (1517 turns).

Nvm9 the Trooper (Demonspawn Fighter)               Turns: 1517, Time: 00:02:53

Health: -1/36      AC: 20    Str: 18    XL:     4   Next: 57%
Magic:  4/4        EV:  6    Int:  8    God:
Gold:   73         SH:  4    Dex: 13    Spells: 3/3 levels left

rFire   . . .        a - +0 war axe
rCold   . . .        c - +0 buckler
rNeg    . . .        m - +0 chain mail
rPois   .            k - +0 helmet
rElec   .            (no cloak)
rCorr   .            b - +0 pair of gloves
SInv    .            i - +2 pair of boots
Will    .....        (no amulet) Stlth
                     (no ring)
HPRegen 0.26/turn    (no ring)
MPRegen 0.09/turn

%: no passive effects
@: mighty, lethally poisoned (-1 -> -27), sanguine armoured
A: sanguine armour 1
a: no special abilities


You were on level 2 of the Dungeon.
You visited 1 branch of the dungeon, and saw 2 of its levels.

You collected 73 gold pieces.

Inventory:

Hand Weapons
 a - a +0 war axe (weapon)
 j - a +0 whip of draining
Missiles
 h - 5 javelins (quivered)
Armour
 b - a +0 pair of gloves (worn)
 c - a +0 buckler (worn)
 i - a +2 pair of boots (worn)
 k - a +0 helmet (worn)
 m - a +0 chain mail (worn)
Scrolls
 f - a scroll of teleportation
 g - a scroll of vulnerability


   Skills:
 * Level 3.6 Fighting
 * Level 2.4 Axes
 + Level 1.0 Throwing
 * Level 3.3 Armour
 * Level 3.3 Shields


You had 3 spell levels left.
You didn't know any spells.
Your spell library was empty.

Dungeon Overview and Level Annotations

Branches:
Dungeon (2/15)

Altars:
Wu Jian

Shops:
D:2 :


Innate Abilities, Weirdness & Mutations

When seriously injured, your blood forms armour. (AC +6)


Message History

The kobold is moderately wounded.
The kobold hits you but does no damage.
You closely miss the kobold.
The kobold is moderately wounded.
You block the kobold's attack. The kobold barely misses you.
You closely miss the kobold.
The kobold is moderately wounded.
The kobold hits you but does no damage.
You barely miss the kobold.
The kobold is moderately wounded.
The kobold hits you but does no damage.
You are poisoned.
The kobold hits you but does no damage.
You are more poisoned.
You barely miss the kobold.
The kobold is moderately wounded.
You feel very sick. The kobold hits you but does no damage.
You are more poisoned.
You barely miss the kobold.
The kobold is moderately wounded.
You feel extremely sick.
The kobold hits you with a +3 dagger of venom.
Your blood congeals into armour.
You are lethally poisoned!
You hit the kobold but do no damage.
The kobold is moderately wounded.
You feel extremely sick. The kobold hits you but does no damage.
You are more poisoned.
A ball python comes into view.
The kobold hits you but does no damage.
You are more poisoned.
You feel very mighty all of a sudden.
* * * LOW HITPOINT WARNING * * *
You feel extremely sick. The kobold hits you but does no damage.
You closely miss the kobold.
The kobold is moderately wounded.
You die...

#########....... ###
#......##.<..... ..# ......
#......##....... ..##......
#......##....... .........
#......''....... ........
#########......##....... #.....#
#...............###...###
#.....###...............# #...##.
.....##........K@.......###......
÷[.).......######........##......
...........# ##........##...##.
#..........#####.....S...†.......
#.##......................#...#..
#.#####...................#...#..
..#####.......##).........#......
..........#...'...##......#......
..........#...##..###..........[.


You could see a ball python and a kobold.

Vanquished Creatures
  3 adders (D:2)
  4 gnolls (D:2)
  A ribbon worm (D:2)
  3 endoplasms
  A giant cockroach (D:2)
  6 hobgoblins
  3 jackals (D:2)
  A quokka (D:1)
  5 ball pythons
  4 bats
  3 frilled lizards
  4 goblins
  2 kobolds (D:1)
  3 rats
43 creatures vanquished.

Notes
Turn   | Place    | Note
-------+----------+-------------------------------------------
     0 | D:1      | Nvm9 the Demonspawn Fighter began the quest for the Orb.
     0 | D:1      | Reached XP level 1. HP: 18/18 MP: 1/1
   304 | D:1      | Found a faded altar of an unknown god.
   307 | D:1      | Gained mutation: When seriously injured, your blood forms
                  | armour. (AC +6) [demonic ancestry]
   307 | D:1      | Reached XP level 2. HP: 24/24 MP: 2/2
   715 | D:2      | Noticed a bombardier beetle
   769 | D:2      | Reached XP level 3. HP: 29/29 MP: 3/3
   781 | D:2      | Reached XP level 4. HP: 19/35 MP: 4/4
   922 | D:2      | Reached skill level 1 in Throwing
  1033 | D:2      | Found an ornate altar of the Wu Jian Council.
  1130 | D:2      | Found Uxeerghoi's Book Shoppe.
  1517 | D:2      | Succumbed to a kobold's poison

Illustrated notes

Levels and vault maps discovered:
D:1:      lemuel_arrival_muddy, layout_rooms,
          shapermc_ecumenical_altar_mp_ritualfount,
          amcnicky_mini_rare_corridor_liquid, minmay_misc_feat_tiny,
          grunt_decor_resistance, minmay_shallow_snake_nest
D:2:      layout_basic, basic_altar, serial_shops, shop,
          hangedman_decor_growths, grunt_decor_arrowhead,
          kennysheep_generic_room_16

Skill      XL: |  1  2  3  4 |
---------------+-------------+-----
Axes           | 2 |  2.4
Shields        | 3 |  3.3
Armour         | 3 |  3.3
Throwing       | 1 |  1.0
Fighting       | |  3.6

Action                     |  1- 3 |  4- 6 || total
---------------------------+-------+-------++-------
  Melee: War axe           |    62 |    52 ||   114
    Use: Scroll            |       |     3 ||     3
         Potion            |       |     2 ||     2
 Armour: Scale mail        |    52 |    20 ||    72
         Chain mail        |       |    32 ||    32
  Dodge: Dodged            |    20 |    19 ||    39
  Block: Buckler           |    11 |    16 ||    27

Table legend: (Time is in decaauts)
 A = Elapsed time spent in this place.
 B = Non-inter-level travel time spent in this place.
 C = Inter-level travel time spent in this place.
 D = Time resting spent in this place.
 E = Time spent auto-exploring this place.
 F = Levels seen in this place.
 G = Mean time per level.
                   A        B        C        D        E       F      G
               +--------+--------+--------+--------+--------+-----+--------+
         Total |   1566 |   1515 |     51 |    125 |    994 |   2 |  783.0 |
       Dungeon |   1566 |   1515 |     51 |    125 |    994 |   2 |  783.0 |
               +--------+--------+--------+--------+--------+-----+--------+

Top non-repeatable levels by time:
     D:2: 849 daAuts
     D:1: 717 daAuts
